 Dungeon Crawl Stone Soup version 0.31-a0-185-g9dded2c639 (webtiles) character file.

Game seed: 4113793257966974400

133 qw the Skirmisher (level 4, -1/25 HPs)
             Began as a Deep Elf Hunter on June 22, 2023.
             Slain by a goblin
             ... wielding a +0 club
             ... led by Robin
              (5 damage)
             ... on level 2 of the Dungeon.
             The game lasted 00:00:25 (1377 turns).

qw the Skirmisher (Deep Elf Hunter)                 Turns: 1377, Time: 00:00:26

Health: -1/25      AC:  3    Str: 10    XL:     4   Next: 93%
Magic:  6/6        EV: 12    Int: 14    God:
Gold:   67         SH:  0    Dex: 18    Spells: 3/3 levels left

rFire   . . .        Y - +0 shortbow
rCold   . . .        (shield currently unavailable)
rNeg    . . .        c - +0 leather armour
rPois   .            (no helmet)
rElec   .            (no cloak)
rCorr   .            (no gloves)
SInv    .            (no boots)
Will    .....        (no amulet)
Stlth   ++           (no ring)
HPRegen 0.24/turn    (no ring)
MPRegen 0.10/turn

%: no passive effects
@: about to teleport
A: no striking features
a: no special abilities


You were on level 2 of the Dungeon.
You visited 1 branch of the dungeon, and saw 2 of its levels.

You collected 67 gold pieces.


   Skills:
 - Level 1.5 Fighting
 + Level 8.3 Ranged Weapons
 - Level 2.4 Dodging
 - Level 1.2 Stealth


You had 3 spell levels left.
You didn't know any spells.
Your spell library was empty.

Inventory:

Hand Weapons
 Y - a +0 shortbow (weapon)
Armour
 c - a +0 leather armour (worn)
 f - a +0 ring mail
 j - a +0 pair of boots
Jewellery
 b - an amulet of guardian spirit
Scrolls
 g - a scroll of teleportation
 h - a scroll of fear {unknown}
 i - a scroll of identify
Potions
 a - a potion of cancellation {unknown}
 d - a potion of curing
 e - a potion of degeneration {unknown}
 k - a potion of berserk rage {unknown}

Dungeon Overview and Level Annotations

Branches:
Dungeon (2/15)

Altars:
Sif Muna

Annotations:
D:2 Robin


Message History

Enter note:
Enter note:
Enter note:
Enter note:
Enter note:
Enter note:
Enter note:
Enter note: You shoot an arrow.
The arrow completely misses the goblin.
You hear a shout! x2
A hobgoblin comes into view.
Robin throws the goblin at you! The goblin hits you with a +0 club.
You hear a shout!
You shoot an arrow. The hobgoblin shouts!
The arrow hits the goblin.
You kill the goblin!
The goblin hits you but does no damage.
A goblin comes into view. It is wielding a +0 dagger.
Robin's bangles clink loudly.
Robin throws the goblin at you!
You shoot an arrow. The arrow hits the goblin.
The goblin is severely wounded.
The goblin closely misses you. The goblin barely misses you.
A hobgoblin comes into view.
You shoot an arrow. The arrow completely misses the goblin.
The goblin hits you with a +0 dagger. The goblin hits you with a +0 club.
You shoot an arrow. The arrow hits the goblin.
You kill the goblin!
A goblin comes into view. It is wielding a +0 dagger.
The goblin hits you with a +0 dagger. The goblin hits you with a +0 club.
1375 ||| READING 2 scrolls of teleportation.
As you read the scroll of teleportation, it crumbles to dust.
You feel strangely unstable. The goblin hits you with a +0 dagger.
The goblin barely misses you.
You shoot an arrow. The arrow completely misses the goblin.
The goblin barely misses you. x2
You shoot an arrow. The arrow barely misses the goblin.
The goblin barely misses you. The goblin hits you with a +0 club.
You die...

7~
#..######........#
#.>.....########.#
#.####.## #.# #.#
#.# #.# #.# #.#
#####.# #.# #.#
#...... #.#
#.#####.###.# #.#
#.##....###.# #@#
#.#...#.....#


~ggggggg# #............ ~~gg##### ##......##.## ~. #.._.....#.# ####.....##.##.
#...........### ############# # You could see Robin, 2 hobgoblins and 6 goblins.

Vanquished Creatures
  Natasha (thrice) (D:2)
  3 adders (D:2)
  A dart slug (D:1)
  3 ball pythons (D:2)
  3 endoplasms
  2 giant cockroaches (D:1)
  5 goblins
  3 hobgoblins (D:1)
  4 kobolds
  5 frilled lizards
  A rat (D:1)
33 creatures vanquished.

Notes
Turn   | Place    | Note
-------+----------+-------------------------------------------
     0 | D:1      | qw the Deep Elf Hunter began the quest for the Orb.
     0 | D:1      | Reached XP level 1. HP: 12/12 MP: 3/3
     0 | D:1      | 0 ||| qw: Version: 0.3-a-9-g12657ce
     0 | D:1      | 0 ||| qw: Game counter: 1724
     0 | D:1      | 0 ||| qw: Always use a shield: true
     0 | D:1      | 0 ||| qw: God list: Okawaru
     0 | D:1      | 0 ||| qw: Allow faded altars: false
     0 | D:1      | 0 ||| qw: Do Orc after D:15 true
     0 | D:1      | 0 ||| qw: Do second Lair branch before Depths: true
     0 | D:1      | 0 ||| qw: Lair rune preference: random
     0 | D:1      | 0 ||| qw: Plans: Normal
     0 | D:1      | 0 ||| PLANNING D:1-11
    73 | D:1      | Reached skill level 6 in Ranged Weapons
    73 | D:1      | Reached XP level 2. HP: 16/16 MP: 4/4
   688 | D:1      | 688 ||| READING scroll labelled HOJYROR UWAC.
   689 | D:1      | 689 ||| READING scroll labelled ATOEZA CUCAH.
   690 | D:1      | 690 ||| READING scroll labelled FEJEUD BY BOOWN.
   695 | D:1      | 695 ||| DRINKING 2 sapphire potions.
   696 | D:1      | 696 ||| DROPPING scroll of butterflies.
   764 | D:2      | Noticed Natasha
   768 | D:2      | 768 ||| Stepping ~*~*~tactically~*~*~ (outnumbered).
   770 | D:2      | Killed Natasha
   771 | D:2      | Reached skill level 7 in Ranged Weapons
   771 | D:2      | Reached XP level 3. HP: 20/20 MP: 5/5
   771 | D:2      | 771 ||| Stepping ~*~*~tactically~*~*~ (outnumbered).
  1018 | D:2      | Noticed Natasha
  1022 | D:2      | Killed Natasha
  1023 | D:2      | Reached XP level 4. HP: 25/25 MP: 6/6
  1041 | D:2      | 1041 ||| Stepping ~*~*~tactically~*~*~ (water).
  1119 | D:2      | Found a shimmering blue altar of Sif Muna.
  1137 | D:2      | Noticed Natasha
  1192 | D:2      | Killed Natasha
  1193 | D:2      | Reached skill level 8 in Ranged Weapons
  1369 | D:2      | Noticed Robin
  1374 | D:2      | HP: 5/25 [goblin/+0 club[Robin] (4)]
  1375 | D:2      | 1375 ||| READING 2 scrolls of teleportation.
  1377 | D:2      | Slain by a goblin

Levels and vault maps discovered:
D:1:      saegor_arrival_miasma, layout_loops_ring
D:2:      layout_basic, basic_ecumenical_altar, basic_altar,
          kennysheep_cross_room, kennysheep_boxes, uniq_robin, uniq_natasha

Skill      XL: |  1  2  3  4 |
---------------+-------------+-----
Ranged Weapons | 6 7 8 |  8.3
Fighting       | |  1.5
Dodging        | |  2.4
Stealth        | |  1.2

Action                     |  1- 3 |  4- 6 || total
---------------------------+-------+-------++-------
   Fire: Shortbow          |    50 |    32 ||    82
    Use: Scroll            |     3 |     1 ||     4
         Potion            |     1 |       ||     1
 Armour: Leather armour    |     1 |     6 ||     7
  Dodge: Dodged            |     6 |     8 ||    14

Table legend:
 A = Non-vault XP
 B = Vault XP
 C = Vault XP percentage of total XP
 D = Non-vault monster count
 E = Vault monster count
 F = Vault count percentage of total count
                 A         B        C        D         E       F
            +---------+---------+-------+---------+---------+-------
      Total |     152 |      38 |  20.0 |      30 |       3 |   9.1
            +---------+---------+-------+---------+---------+-------
        D:1 |      29 |       0 |   0.0 |      16 |       0 |   0.0
        D:2 |     123 |      38 |  23.6 |      14 |       3 |  17.6
            +---------+---------+-------+---------+---------+-------
